 Dungeon Crawl Stone Soup version 0.22-a0-430-g6609fc6 (webtiles) character file.

144 hyperquik the Chopper (level 5, -7/45 HPs)
             Began as a Minotaur Monk on May 26, 2018.
             Was a Believer of the Shining One.
             Mangled by Menkaure (16 damage)
             ... on level 4 of the Dungeon.
             The game lasted 00:09:57 (3120 turns).

hyperquik the Chopper (Minotaur Monk)               Turns: 3120, Time: 00:09:58

Health: -7/45      AC: 10    Str: 16    XL:     5   Next: 5%
Magic:  4/4        EV:  7    Int:  7    God:    the Shining One [**....]
Gold:   235        SH:  3    Dex: 13    Spells: 4/4 levels left

rFire    . . .     SeeInvis .   a - +0 war axe
rCold    . . .     Gourm    .   t - +0 buckler
rNeg     + . .     Faith    .   u - +0 chain mail
rPois    .         Spirit   .   (helmet restricted)
rElec    .         Reflect  .   z - +0 cloak
rCorr    +         Harm     .   p - +0 pair of gloves
MR       .....                  (no boots)
Stlth    ..........             (no amulet)
HPRegen  0.15/turn              C - ring of resist corrosion
MPRegen  0.09/turn              (no ring)

@: glowing
A: retaliatory headbutt, horns 2
a: Divine Shield, Renounce Religion


You were on level 4 of the Dungeon.
You worshipped the Shining One.
The Shining One was pleased with you.
You were not hungry.

You visited 1 branch of the dungeon, and saw 4 of its levels.

You collected 235 gold pieces.

Inventory:

Hand Weapons
 a - a +0 war axe (weapon)
Missiles
 x - 5 tomahawks
 A - 8 javelins of returning
 Q - 129 stones (quivered)
Armour
 p - a +0 pair of gloves (worn)
 t - a +0 buckler (worn)
 u - a +0 chain mail (worn)
 z - a +0 cloak (worn)
Jewellery
 C - a ring of resist corrosion (left hand)
Wands
 s - a wand of polymorph (11)
 y - a wand of disintegration (15)
Scrolls
 b - a scroll of enchant armour {unknown}
 c - a scroll of enchant weapon {unknown}
 d - a scroll of fog {unknown}
 j - a scroll of magic mapping {!r}
 k - a scroll of amnesia
 o - 2 scrolls of teleportation {unknown}
 r - a scroll of noise {unknown}
 w - a scroll of remove curse
Potions
 f - a potion of magic {unknown}
 g - a potion of haste
 h - a potion of agility {unknown}
 l - 2 potions of heal wounds
 n - 2 potions of resistance
 q - a potion of curing
Comestibles
 e - 4 rations
 i - a chunk of flesh


   Skills:
 - Level 3.6 Fighting
 * Level 7.0 Axes
 - Level 3.2 Dodging
 - Level 1.5 Stealth


You had 4 spell levels left.
You didn't know any spells.
Your spell library was empty.

Dungeon Overview and Level Annotations

Branches:
Dungeon (4/15)
 Temple: D:4-7

Altars:
Cheibriados
Elyvilon
The Shining One

Annotations:
D:4 Menkaure


Innate Abilities, Weirdness & Mutations

You reflexively headbutt those who attack you in melee.
You have a pair of horns on your head.


Message History

Your Axes skill increases to level 7!
You have reached level 5!
Health restored: 45; MP restored: 4 You butcher the adder corpse.
i - a chunk of flesh Menkaure, Prince of Dust comes into view.
Menkaure shouts!
Menkaure gestures wildly while chanting.
Menkaure seems to speed up.
Menkaure calls on the powers of darkness!
Your body is wracked with pain!
* * * LOW HITPOINT WARNING * * *
You take 19 damage, and have 26/45 hp.
MASSIVE DAMAGE!!
You hit Menkaure but do no damage.
Menkaure draws the symbol "Udjat" in the dust.
Menkaure hits you!
* * * LOW HITPOINT WARNING * * *
Menkaure hits you!
You die...

******* ########
,,,,,,* #......#
,,,,,,* #......#
,,,,,,* #......#
,,,,,,* #......#
,,,,,,* ######......#
,,,,,,* #......M....#
,,,,,,* #.....@.....#
,,,,,,* #...........#
****** ,,,,,,*
#.....####### *,,,,*
**+**** #%....#
*,,,,#### *,,,,,*
#.....# *,,,,#...
*,,,,,* #.....#
*,,,,#... *,,,,,*
#.....#########,,,,#...
*,,,,,*
#.............#,,,,#...
*,,,,,*
#..^..........##+###...


You could see Menkaure.

Vault maps used:
D:1:      minmay_arrival_semitransparent
D:2:      chequers_ecumenical_altar_lobes, tso_metal_star
D:3:      nicolae_overflow_crystal_walls, lemuel_coloured_pillars_altar,
          uniq_jessica
D:4:      first_ration, uniq_ijyb, uniq_pikel, uniq_menkaure

Notes
Turn   | Place    | Note
-------+----------+-------------------------------------------
     0 | D:1      | hyperquik the Minotaur Monk began the quest for the Orb.
     0 | D:1      | Reached XP level 1. HP: 19/19 MP: 0/0
    36 | D:1      | Reached skill level 4 in Axes
    37 | D:1      | Reached XP level 2. HP: 20/26 MP: 1/1
   700 | D:2      | Reached skill level 5 in Axes
   733 | D:2      | Found a glowing golden altar of the Shining One.
   787 | D:2      | hyperquik: ??tso
   787 | D:2      | beem: the shining one[1/10]: One of three 'good gods'. Provides a number of passive favors as well as active abilities later. Enjoys killing of evil creatures, and forbids poison, evil/unholy magic or items, attacking distracted or sleeping intelligent creatures, and cannibalism.
   787 | D:2      | hyperquik: ??tso[2
   787 | D:2      | beem: the shining one[2/10]: Passive abilities include occasionally intervening to save your life, gradual increase of natural rN+, and healing and MP recovery sometimes on kills of evil, demonic, or undead beings. You will also gain a "halo" within which all other beings are easier to hit (and rendered visible); it gradually increases in range with your piety.
   787 | D:2      | Became a worshipper of the Shining One
   787 | D:2      | Reached * piety under the Shining One
   787 | D:2      | Reached ** piety under the Shining One
   840 | D:2      | Reached XP level 3. HP: 31/31 MP: 2/2
   865 | D:2      | Found a faded altar of an unknown god.
  1513 | D:3      | Identified a +0 buckler (You found it on level 3 of the Dungeon)
  1815 | D:3      | Identified a +0 pair of gloves (You found it on level 3 of the Dungeon)
  2109 | D:3      | Found a snail-covered altar of Cheibriados.
  2313 | D:3      | Reached skill level 6 in Axes
  2313 | D:3      | Reached XP level 4. HP: 35/39 MP: 3/3
  2400 | D:3      | Noticed Jessica
  2420 | D:3      | Killed Jessica
  2432 | D:3      | Found a white marble altar of Elyvilon.
  2856 | D:3      | Identified a +0 cloak (You found it on level 3 of the Dungeon)
  2913 | D:4      | Identified 3 scrolls of identify
  2913 | D:4      | Identified 2 potions of resistance
  2914 | D:4      | Identified a potion of curing
  2915 | D:4      | Identified 2 potions of heal wounds
  2926 | D:4      | Identified a +0 chain mail (You took it off a kobold on level 3 of the Dungeon)
  2927 | D:4      | Identified a +0 war axe (You found it on level 2 of the Dungeon)
  2929 | D:4      | Identified a ring of resist corrosion (You found it on level 3 of the Dungeon)
  2930 | D:4      | Identified 2 scrolls of amnesia
  2931 | D:4      | Identified 2 scrolls of remove curse
  2932 | D:4      | Identified 2 scrolls of magic mapping
  2940 | D:4      | Noticed Ijyb
  2949 | D:4      | Killed Ijyb
  3105 | D:4      | Reached skill level 7 in Axes
  3105 | D:4      | Reached XP level 5. HP: 45/45 MP: 4/4
  3116 | D:4      | Noticed Menkaure
  3120 | D:4      | HP: 9/45 [Menkaure (17)]
  3120 | D:4      | Mangled by Menkaure

Table legend:
 A = Turns spent in this place as a percentage of turns spent in the entire game.
 B = Non-inter-level travel turns spent in this place as a percentage of non-inter-level travel turns spent in the entire game.
 C = Inter-level travel turns spent in this place as a percentage of turns spent in this place.
 D = Turns resting spent in this place as a percentage of non-inter-level travel turns spent in this place.
 E = Turns spent auto-exploring this place as a percentage of non-inter-level travel turns spent in this place.
 F = Non-inter-level travel turns spent in this place divided by the number of levels of this place that you've seen.
                   A       B       C       D       E      F
               +-------+-------+-------+-------+-------+----------------------
         Total | 100.0 | 100.0 |   6.0 |  16.4 |  60.4 | 733.2
       Dungeon | 100.0 | 100.0 |   6.0 |  16.4 |  60.4 | 733.2
               +-------+-------+-------+-------+-------+----------------------

Table legend:
 A = Kills in this place as a percentage of kills in entire the game.
 B = Kills by you in this place as a percentage of kills by you in the entire game.
 C = Kills by friends in this place as a percentage of kills by friends in the entire game.
 D = Other kills in this place as a percentage of other kills in the entire game.
 E = Experience gained in this place as a percentage of experience gained in the entire game.
 F = Experience gained in this place divided by the number of levels of this place that you have seen.
                   A       B       C       D       E      F
               +-------+-------+-------+-------+-------+----------------------
         Total | 100.0 | 100.0 |   N/A |   N/A | 100.0 |  51.5
       Dungeon | 100.0 | 100.0 |   N/A |   N/A | 100.0 |  51.5
               +-------+-------+-------+-------+-------+----------------------

Skill      XL: |  1  2  3  4 |
---------------+-------------+-----
Axes           | 4 5 6 7 |  7.0
Fighting       | |  3.6
Dodging        | |  3.2
Stealth        | |  1.5

Action                   |  1- 3 |  4- 6 || total
-------------------------+-------+-------++-------
Melee: Hand axe          |    88 |     7 ||    95
       Headbutt          |    16 |     2 ||    18
       War axe           |       |     9 ||     9
Throw: Stone             |    74 |    15 ||    89
       Javelin           |       |     1 ||     1
  Use: Scroll            |       |     6 ||     6
 Stab: Sleeping          |     2 |       ||     2
  Eat: Chunk             |     4 |     3 ||     7
Armor: Robe              |    15 |       ||    15
       Chain mail        |       |     6 ||     6
Dodge: Dodged            |    63 |     3 ||    66
Block: Buckler           |     1 |     2 ||     3

Vanquished Creatures
  Jessica (D:3)
  Ijyb (D:4)
  2 adders (D:4)
  An ooze (D:3)
  4 worms
  A leopard gecko (D:2)
  6 orcs (D:3)
  A ball python (D:2)
  6 bats
  2 giant cockroaches (D:1)
  3 goblins
  3 hobgoblins
  6 jackals
  7 kobolds
  A quokka (D:2)
  4 frilled lizards
  3 rats
52 creatures vanquished.
